 Dungeon Crawl Stone Soup version 0.24.0-29-g8ce449bc06 (webtiles) character file.

Game seed: 13174033595111702506, levelgen mode: deterministic

50 FishyPogo the Sneak (level 3, -2/16 HPs)
             Began as a Vine Stalker Enchanter on Nov 15, 2019.
             Was an Initiate of Dithmenos.
             Slain by a shadow imp (3 damage)
             ... on level 2 of the Dungeon.
             The game lasted 00:06:00 (1935 turns).

FishyPogo the Sneak (Vine Stalker Enchanter)        Turns: 1935, Time: 00:06:01

Health: -2/16      AC:  2    Str: 10    XL:     3   Next: 79%
Magic:  0/7        EV: 13    Int: 15    God:    Dithmenos [......]
Gold:   101        SH:  3    Dex: 15    Spells: 1/7 levels left

rFire    . . .     SeeInvis .   a - +1 dagger
rCold    . . .     Gourm    .   (no shield)
rNeg     . . .     Faith    .   b - +0 robe
rPois    .         Spirit   +   (no helmet)
rElec    .         Reflect  +   (no cloak)
rCorr    .         Harm     .   (no gloves)
MR       .....                  (no boots)
Stlth    +++.......             j - +3 amulet of reflection
HPRegen  0.05/turn              l - -4 ring of slaying (curse)
MPRegen  0.10/turn              (no ring)

@: very slightly contaminated
A: fangs 2, magic shield, antimagic bite, no potion heal 3, rot immunity
a: Renounce Religion


You were on level 2 of the Dungeon.
You worshipped Dithmenos.
Dithmenos was noncommittal.
You were hungry.

You visited 1 branch of the dungeon, and saw 2 of its levels.

You collected 101 gold pieces.

Inventory:

Hand Weapons
 a - a +1 dagger (weapon)
Missiles
 k - 8 poisoned darts (quivered)
 m - 2 stones
 n - 4 silver javelins
Armour
 b - a +0 robe (worn)
Jewellery
 j - a +3 amulet of reflection (around neck)
 l - a cursed -4 ring of slaying (left hand)
Scrolls
 c - 2 scrolls of teleportation {unknown}
 f - a scroll of remove curse {unknown}
 g - a scroll of fear {unknown}
 h - 2 scrolls of identify {unknown}
 i - a scroll of fog {unknown}
Potions
 e - 2 potions of curing {unknown}
Comestibles
 d - 7 rations


   Skills:
 - Level 1.0 Short Blades
 * Level 2.3 Dodging
 + Level 4.2 Stealth
 + Level 2.6 Spellcasting
 + Level 3.3 Hexes
 + Level 0.0 Invocations


You had one spell level left.
You knew the following spells:

 Your Spells              Type           Power        Failure   Level  Hunger
a - Corona                Hex            ##.....      5%          1    #......
c - Ensorcelled Hibernat  Hex/Ice        #.....       16%         2    ##.....
p - Tukima's Dance        Hex            ##......     16%         3    ###....

Your spell library contained the following spells:

 Spells                   Type           Power        Failure   Level  Hunger
 Confusing Touch          Hex            ##....       5%          1    #......
 Confuse                  Hex            ##......     16%         3    ###....
 Dazzling Spray           Conj/Hex       #.....       32%         3    ###....
 Gell's Gravitas          Tloc           #.........   54%         3    ###....
 Petrify                  Tmut/Erth      #.......     91%         4    #####..
 Metabolic Englaciation   Hex/Ice        #.........   96%         5    ######.
 Yara's Violent Unravell  Hex/Tmut       #.........   96%         5    ######.


Dungeon Overview and Level Annotations

Branches:
Dungeon (2/15)

Altars:
Dithmenos
Gozag


Innate Abilities, Weirdness & Mutations

You have extremely sharp teeth.
When hurt, damage is shared between your health and your magic reserves.
Your bite disrupts and absorbs the magic of your enemies.
Potions cannot restore your health.
You are immune to rotting.


Message History

The shadow imp is moderately wounded.
The shadow imp barely misses you.
You hit the shadow imp.
The shadow imp is heavily wounded.
The shadow imp barely misses you.
You completely miss the shadow imp. Your bite misses the shadow imp.
The shadow imp is heavily wounded.
The shadow imp misses you.
You barely miss the shadow imp. Your bite misses the shadow imp.
The shadow imp is heavily wounded.
You block the shadow imp's attack.
You closely miss the shadow imp.
The shadow imp is heavily wounded.
The shadow imp hits you.
* * * LOW HITPOINT WARNING * * *
You closely miss the shadow imp.
You bite the shadow imp, but do no damage.
The shadow imp is heavily wounded.
The shadow imp hits you.
You die...

#.......%#
#........#
#........#
#........#
#..$.....#
#........#
#....b...#
#####5#### #@#
##'###### #####
#.......#######....
#.......'..........
#.......#######....
#.......# #....
#.......# #....
#.......# #....
#.......# #....


You could see a shadow imp and a bat.

Vanquished Creatures
  A gnoll (D:1)
  2 dart slugs (D:1)
  A leopard gecko (D:2)
  A giant cockroach (D:1)
  6 goblins (D:1)
  4 hobgoblins
  6 kobolds
  2 ball pythons
  3 bats
  6 frilled lizards
  6 rats
38 creatures vanquished.

Notes
Turn   | Place    | Note
-------+----------+-------------------------------------------
     0 | D:1      | FishyPogo the Vine Stalker Enchanter began the quest for
                  | the Orb.
     0 | D:1      | Reached XP level 1. HP: 9/9 MP: 4/4
    87 | D:1      | Reached skill level 1 in Short Blades
    94 | D:1      | Reached XP level 2. HP: 8/13 MP: 6/6
   222 | D:1      | Learned a level 2 spell: Ensorcelled Hibernation
   574 | D:1      | Reached XP level 3. HP: 16/16 MP: 5/7
   600 | D:1      | Reached skill level 4 in Stealth
  1094 | D:1      | Learned a level 3 spell: Tukima's Dance
  1444 | D:2      | Found a shadowy altar of Dithmenos.
  1452 | D:2      | Became a worshipper of Dithmenos the Shadowed
  1821 | D:2      | Found an opulent altar of Gozag.
  1935 | D:2      | Slain by a shadow imp

Levels and vault maps discovered:
D:1:      saegor_arrival_simple_d, layout_loops_ring, serial_forest,
          infiniplex_forest_pool, infiniplex_forest_clump_diagonal,
          infiniplex_forest_lined_1, infiniplex_forest_end_1,
          kennysheep_small_spiral
D:2:      layout_basic, nicolae_gozag_cash_rules_everything_around_me,
          nicolae_dithmenos_shadow_blocks

Skill      XL: |  1  2  3 |
---------------+----------+-----
Short Blades   | 1 |  1.0
Dodging        | 2 |  2.3
Stealth        | 4 |  4.2
Spellcasting   | |  2.6
Hexes          | |  3.3

Action                   || total
-------------------------++-------
Melee: Dagger            ||   150
       Bite              ||    24
 Cast: Corona            ||    15
       Ensorcelled Hiber ||     2
 Stab: Sleeping          ||    10
  Eat: Chunk             ||     3
Armor: Robe              ||    38
Dodge: Dodged            ||   104
Block: Other             ||    18
